AoeStats
← ozgurdgs

Arena

508290239Analyzed
3v3 RM · 10d ago on Sep 21, 2026· 85m 20s· 6 players
Game mode
Random Map
Map size
Normal (6 player)
Population
200
Speed
Normal
Resources
Standard
Victory
Conquest
Starting age
Dark Age
Ending age
Imperial Age
RankedLock teamsTeams togetherTeam positionsShared explorationLock speedFull tech treeHidden civsTurbo modeCheats
Victory
Defeat
🇷🇸 Khmer · Serbia
984
+15
🇷🇸 Lithuanians · Serbia
966
+16
🇷🇸 Romans · Serbia
954
+17
🇹🇷 Turks · Türkiye
1048
-19
🇹🇷 Franks · Türkiye
937
-15
🇹🇷 Khmer · Türkiye
928
-14
Sasa - NS
11:53 Feudal Age
16:25 Castle Age
14:37 Double-Bit Axe
14:34 Horse Collar
14:47 Stone Mining
15:19 Gold Mining
17:22 Wheelbarrow
17:48 Bow Saw
18:03 Heavy Plow
22:34 Stone Shaft Mining
26:39 Scale Mail Armor
26:48 Scale Barding Armor
28:24 Forging
29:41 Hand Cart
30:13 Treadmill Crane
30:44 Husbandry
33:00 Ballistics
32:36 Murder Holes
35:45 Imperial Age
34:48 Chain Barding Armor
35:05 Iron Casting
35:47 Elite Leitis
37:46 Crop Rotation
38:10 Plate Barding Armor
43:54 Conscription
45:19 Two-Man Saw
47:38 Squires
46:59 Pikeman
47:55 Halberdier
49:38 Scale Mail Armor
50:05 Tower Shields
51:46 Chain Mail Armor
51:48 Bloodlines
52:45 Chemistry
54:45 Fortified Wall
54:49 Arson
57:04 Fletching
Mr. Peacemaker
11:44 Feudal Age
15:18 Castle Age
13:42 Double-Bit Axe
15:23 Wheelbarrow
15:00 Horse Collar
26:53 Gold Mining
27:50 Stone Mining
28:52 Heavy Plow
29:47 Fortified Wall
29:53 Masonry
30:49 Bow Saw
31:42 Hand Cart
34:56 Imperial Age
33:15 Scale Barding Armor
33:21 Forging
33:14 Loom
33:15 Town Watch
33:42 Pikeman
35:26 Gold Shaft Mining
35:26 Stone Shaft Mining
36:46 Ballistics
37:27 Chemistry
36:33 Siege Engineers
37:15 Heavy Scorpion
38:15 Fletching
39:02 Murder Holes
43:03 Halberdier
43:59 Scale Mail Armor
47:05 Iron Casting
48:47 Architecture
48:41 Chain Mail Armor
51:48 Chain Barding Armor
57:23 Husbandry
59:50 Bloodlines
59:02 Light Cavalry
71:41 Capped Ram
78:49 Town Patrol
marko0311
11:56 Feudal Age
16:29 Castle Age
14:57 Horse Collar
15:08 Double-Bit Axe
23:39 Fortified Wall
23:26 Murder Holes
26:56 Ballistics
27:27 Ballistas
28:01 Heavy Plow
29:07 Gold Mining
29:08 Stone Mining
29:50 Squires
29:10 Pikeman
30:31 Masonry
31:46 Wheelbarrow
30:56 Loom
31:25 Bow Saw
34:29 Imperial Age
34:31 Halberdier
35:32 Siege Engineers
36:29 Chemistry
35:52 Heavy Scorpion
45:44 Husbandry
45:05 Cavalier
75:03 Bloodlines
74:13 Light Cavalry
<<PaPaRoZ>>
4:44 Loom
11:53 Feudal Age
12:52 Double-Bit Axe
13:38 Loom
16:09 Castle Age
15:22 Forging
15:30 Horse Collar
17:47 Wheelbarrow
20:34 Squires
22:33 Padded Archer Armor
22:26 Fletching
24:18 Town Watch
25:03 Bow Saw
26:59 Ballistics
29:38 Imperial Age
28:20 Leather Archer Armor
28:39 Masonry
28:37 Heavy Plow
28:58 Bloodlines
29:04 Husbandry
29:15 Scale Barding Armor
30:02 Hand Cart
32:43 Chain Barding Armor
39:31 Heavy Camel Rider
42:29 Plate Barding Armor
42:30 Iron Casting
50:33 Conscription
50:14 Artillery
50:49 Ring Archer Armor
51:20 Blast Furnace
50:46 Stone Mining
50:47 Gold Mining
55:41 Bodkin Arrow
62:54 Scale Mail Armor
ozgurdgs
11:14 Feudal Age
15:38 Castle Age
13:26 Horse Collar
13:33 Double-Bit Axe
16:25 Loom
17:19 Wheelbarrow
25:18 Heavy Plow
28:35 Bow Saw
32:13 Imperial Age
31:11 Bloodlines
31:27 Ballistics
31:21 Husbandry
31:41 Bow Saw
33:28 Scale Barding Armor
33:34 Forging
34:46 Conscription
36:06 Chemistry
35:28 Chain Barding Armor
35:43 Iron Casting
36:01 Double Crossbow
36:03 Tusk Swords
38:00 Plate Barding Armor
38:25 Blast Furnace
40:42 Heavy Scorpion
48:13 Siege Engineers
48:13 Light Cavalry
50:38 Hussar
66:37 Pikeman
67:06 Halberdier
kaplanca
11:30 Feudal Age
12:01 Double-Bit Axe
16:46 Castle Age
17:41 Bow Saw
18:16 Gold Mining
21:27 Wheelbarrow
21:48 Gold Shaft Mining
21:53 Loom
21:56 Town Watch
22:26 Husbandry
24:12 Hand Cart
23:55 Stone Mining
27:52 Forging
30:27 Imperial Age
30:29 Iron Casting
30:00 Scale Barding Armor
32:52 Chemistry
31:16 Cavalier
34:58 Blast Furnace
34:19 Chain Barding Armor
34:02 Town Patrol
36:30 Paladin
38:31 Conscription
46:55 Hoardings
49:25 Plate Barding Armor
53:05 Pikeman
53:50 Squires
66:24 Halberdier
Connection lost

Rejoining the realm…

Still unreachable

The connection could not be restored.

Session expired

The server has moved on; the page needs a fresh start.